AoeStats
← Moist-bunny2

Arena

510219119Analyzed
3v3 RM · 3d ago on Sep 30, 2026· 75m 3s· 6 players
Game mode
Random Map
Map size
Normal (6 player)
Population
200
Speed
Normal
Resources
Standard
Victory
Conquest
Starting age
Dark Age
Ending age
Imperial Age
RankedLock teamsTeams togetherTeam positionsShared explorationLock speedFull tech treeHidden civsTurbo modeCheats
Victory
Defeat
🇻🇳 Khmer · Vietnam
1005
+15
🇺🇸 Romans · United States
925
+18
🇦🇺 Varangians · Australia
888
+20
🇦🇷 Byzantines · Argentina
1003
-19
🇦🇷 Romans · Argentina
963
-17
🇦🇷 Khmer · Argentina
948
-17
monarch8
12:25 Feudal Age
11:54 Loom
16:53 Castle Age
16:04 Wheelbarrow
15:18 Town Watch
16:12 Stone Mining
17:03 Double-Bit Axe
19:58 Horse Collar
27:08 Bow Saw
28:11 Gold Mining
28:58 Town Patrol
29:59 Gold Shaft Mining
32:30 Imperial Age
31:03 Fortified Wall
31:35 Hand Cart
31:46 Ballistics
33:47 Ballistas
34:01 Ballistas
34:24 Siege Engineers
35:20 Chemistry
34:19 Murder Holes
34:45 Caravan
35:00 Capped Ram
36:29 Coinage
36:10 Guilds
35:36 Heavy Scorpion
36:18 Pikeman
36:59 Halberdier
37:43 Squires
39:31 Siege Ram
43:21 Onager
46:23 Banking
52:10 Heavy Plow
56:50 Crop Rotation
58:06 Scale Barding Armor
58:01 Scale Mail Armor
58:11 Forging
59:12 Cavalier
59:12 Light Cavalry
72:18 Masonry
74:12 Comitatenses
74:13 Conscription
Moist-bunny2
11:16 Feudal Age
13:05 Double-Bit Axe
13:02 Horse Collar
17:05 Castle Age
16:24 Gold Mining
16:24 Stone Mining
16:31 Stone Mining
17:19 Loom
22:15 Fletching
29:08 Bodkin Arrow
32:32 Imperial Age
31:10 Wheelbarrow
31:53 Bow Saw
35:51 Scale Mail Armor
37:50 Chain Mail Armor
37:40 Squires
kyokiroto
11:45 Feudal Age
15:58 Castle Age
14:07 Double-Bit Axe
22:01 Wheelbarrow
21:43 Horse Collar
22:18 Bow Saw
24:25 Heavy Plow
25:43 Hand Cart
26:21 Gold Mining
26:22 Stone Mining
27:39 Stone Shaft Mining
27:40 Gold Shaft Mining
31:03 Imperial Age
28:21 Town Watch
28:28 Loom
29:20 Husbandry
29:33 Bloodlines
30:46 Scale Barding Armor
30:52 Forging
30:05 Light Cavalry
31:01 Town Patrol
31:13 Hussar
32:42 Conscription
32:25 Double Crossbow
33:30 Crop Rotation
35:43 Chain Barding Armor
35:59 Iron Casting
36:42 Chemistry
36:06 Ballistics
36:50 Heavy Scorpion
38:53 Masonry
38:48 Siege Engineers
38:38 Murder Holes
38:54 Fortified Wall
39:22 Plate Barding Armor
39:48 Blast Furnace
59:45 Padded Archer Armor
63:12 Leather Archer Armor
62:47 Fletching
75:05 Ring Archer Armor
74:31 Bodkin Arrow
TOMASMILONGA
10:43 Feudal Age
13:12 Loom
15:27 Castle Age
14:15 Horse Collar
14:26 Double-Bit Axe
16:10 Stone Mining
16:47 Pikeman
19:28 Heavy Plow
20:09 Padded Archer Armor
20:02 Fletching
23:53 Squires
29:18 Scale Barding Armor
29:24 Forging
34:39 Iron Casting
35:58 Chain Barding Armor
37:26 Bodkin Arrow
39:37 Wheelbarrow
39:25 Gold Mining
43:02 Imperial Age
43:08 Imperial Age
41:16 Wheelbarrow
41:29 Light Cavalry
42:10 Husbandry
44:10 Man-at-Arms
44:36 Gambesons
45:34 Plate Barding Armor
45:00 Scale Mail Armor
46:31 Crop Rotation
46:18 Bow Saw
46:44 Capped Ram
46:51 Hussar
48:25 Stone Shaft Mining
49:06 Chemistry
48:27 Ballistics
48:04 Murder Holes
49:21 Conscription
49:15 Halberdier
49:58 Bracer
50:16 Chain Mail Armor
50:15 Fortified Wall
54:23 Onager
DON JULIO
12:05 Feudal Age
16:23 Castle Age
14:24 Double-Bit Axe
14:22 Horse Collar
17:29 Heavy Plow
17:40 Bow Saw
19:26 Stone Mining
19:48 Loom
20:57 Wheelbarrow
25:17 Scale Mail Armor
29:53 Imperial Age
27:38 Man-at-Arms
28:52 Chain Mail Armor
28:59 Forging
29:21 Ballistics
28:55 Long Swordsman
29:39 Squires
32:45 Conscription
33:00 Hand Cart
34:37 Iron Casting
33:32 Heavy Scorpion
34:32 Legionary
37:58 Chemistry
37:04 Town Watch
37:49 Pikeman
38:43 Ballistas
38:17 Halberdier
41:36 Blast Furnace
42:35 Gold Mining
56:43 Siege Engineers
58:46 Onager
PAPA FRANCISCO
10:51 Feudal Age
13:45 Castle Age
11:32 Horse Collar
12:02 Double-Bit Axe
16:22 Bow Saw
16:15 Heavy Plow
20:07 Stone Mining
20:08 Gold Mining
22:44 Fletching
23:18 Ballistics
24:20 Bodkin Arrow
29:02 Imperial Age
29:03 Bloodlines
28:14 Light Cavalry
29:03 Scale Barding Armor
29:09 Forging
30:59 Chemistry
30:06 Hussar
31:17 Chain Barding Armor
31:45 Conscription
32:07 Heavy Scorpion
35:19 Double Crossbow
37:27 Bracer
38:02 Iron Casting
38:03 Plate Barding Armor
41:52 Husbandry
52:27 Padded Archer Armor
52:08 Elite Ballista Elephant
54:09 Loom
Connection lost

Rejoining the realm…

Still unreachable

The connection could not be restored.

Session expired

The server has moved on; the page needs a fresh start.